 Dungeon Crawl Stone Soup version 0.18-a0-1797-gc18daef (webtiles) character file.

33 M4edhros the Grave Robber (level 3, 0/21 HPs)
             Began as an Octopode Necromancer on Apr 22, 2016.
             Succumbed to an adder's poison
             ... on level 2 of the Dungeon.
             The game lasted 00:01:45 (236 turns).

M4edhros the Grave Robber (Octopode Necromancer)     Turns: 236, Time: 00:01:46

Health: 0/21       AC:  1    Str:  7    XL:     3   Next: 29%
Magic:  2/6        EV: 12    Int: 17    God:
Gold:   36         SH:  0    Dex: 13    Spells: 1 memorised, 5 levels left

rFire  . . .     SeeInvis .       - Unarmed
rCold  + . .     Gourm    .     (no shield)
rNeg   . . .     Faith    .     (helmet restricted)
rPois  .         Spirit   .     (no amulet)
rElec  .         Dismiss  .     d - ring of protection from cold
rCorr  .         Reflect  .     (no ring)
SustAt .         Harm     .     (no ring)
MR     .....                    (no ring)
Stlth  +++.......               (no ring)
                                (no ring)
                                (no ring)
                                (no ring)

@: lethally poisoned (0 -> -6), not resistant to hostile enchantments, fairly
stealthy
A: almost no armour, amphibious, 8 rings, constrict 8, camouflage 1, gelatinous
body 1
a: no special abilities


You were on level 2 of the Dungeon.
You were not hungry.

You visited 1 branch of the dungeon, and saw 3 of its levels.

You collected 36 gold pieces.

Inventory:

Jewellery
 d - a ring of protection from cold (left tentacle)
Books
 a - a book of Necromancy

   Spells                             Type                      Level
   a - Pain                           Necromancy                   1
   b - Animate Skeleton               Necromancy                   1
   c - Vampiric Draining              Necromancy                   3
   d - Regeneration                   Charms/Necromancy            3
   e - Animate Dead                   Necromancy                   4
   f - Control Undead                 Necromancy                   4
Comestibles
 b - a bread ration


   Skills:
 - Level 2.0 Dodging
 - Level 2.6 Stealth
 + Level 2.8 Unarmed Combat
 - Level 2.0 Spellcasting
 - Level 4.0 Necromancy


You had 5 spell levels left.
You knew the following spells:

 Your Spells              Type           Power        Failure   Level  Hunger
a - Pain                  Necr           ###.         3%          1    #......


Dungeon Overview and Level Annotations

Branches:
Dungeon (3/15)

Altars:

Annotations:
D:3 Natasha


Innate Abilities, Weirdness & Mutations

You cannot wear most types of armour.
You are amphibious.
You can wear up to eight rings at the same time.
You can use your tentacles to constrict eight enemies at once.
Your skin changes colour to match your surroundings (Stealth).
Your rubbery body absorbs attacks (AC +1).


Message History

You feel sick. The adder bites you but does no damage.
You barely miss the adder.
The adder is lightly wounded.
You constrict the adder. The adder closely misses you.
Unknown command.
You tentacle-slap the adder.
The adder is heavily wounded.
You constrict the adder.
* * * LOW HITPOINT WARNING * * *
You feel sick. The adder closely misses you. The adder barely misses you.
Unknown command.
You tentacle-slap the adder but do no damage.
The adder is heavily wounded.
You constrict the adder. The adder closely misses you.
Unknown command.
You barely miss the adder.
The adder is severely wounded.
You constrict the adder.
You kill the adder!
You die...

..#. #....# #.#.# . . #....#
#...# .# ##....# ###...####
..####.....###........########
.......S...<.................#
..........†..#........######.#
..###.......####.†.#.##.......
##....†#####...#.##.######
##....S.@...........
##..#######..###### ##.# #...#
# #h# #.###.# # ... ... ... #
... ... ....# # ###.####
..#... # .# ....### # .#.## #


You could see an adder.

Vanquished Creatures
  2 adders (D:2)
  A giant cockroach (D:2)
  A goblin (D:3)
  A hobgoblin (D:2)
  5 jackals
  A quokka (D:2)
  3 bats
14 creatures vanquished.

Notes
Turn   | Place    | Note
--------------------------------------------------------------
     0 | D:1      | M4edhros the Octopode Necromancer began the quest for the Orb.
     0 | D:1      | Reached XP level 1. HP: 11/11 MP: 3/3
    90 | D:2      | Reached skill level 1 in Unarmed Combat
   111 | D:3      | Noticed Natasha
   121 | D:3      | Reached XP level 2. HP: 2/17 MP: 0/5
   226 | D:2      | Reached XP level 3. HP: 5/21 MP: 1/6
   234 | D:2      | HP: 1/21 [poisoned by an adder]
   236 | D:2      | Succumbed to an adder's poison

Vault maps used:
D:1:      mrwooster_arrival_statue_2, st_stairs_1
D:2:      uniq_robin, uniq_iyjb, uniq_sigmund
D:3:      kennysheep_the_goblin_king, good_gods_temple_1, first_bread,
          serial_glass, glass_columns_a, glass_columns_a,
          nicolae_ashenzari_panopticon, uniq_jessica, uniq_natasha

Skill      XL: |  1  2 |
---------------+-------+-----
Unarmed Combat | 1 2 |  2.8
Dodging        | |  2.0
Stealth        | |  2.6
Spellcasting   | |  2.0
Necromancy     | |  4.0

Action                   || total
-------------------------++-------
Melee: Unarmed           ||    24
       Constrict         ||     5
       Tentacles         ||     3
 Cast: Pain              ||    15
  Use: Potion            ||     2
       Scroll            ||     1
Armor: Skin              ||     3
Dodge: Dodged            ||    27
